General information
- name: BNet
- type: Ladder team game (AT/RT)
- host: Battle.net
- saver: dogsandhorse.de
map: FullScaleAssault
- players: 8
- length: 96:28
- speed: Fast
- version: 1.21 W3XP
- replay type: Public
» download(812 KB)
Players
team 1 (loser)
CandY-Orc (
teal | 86 APM | 8270 actions | 96:22)
9 Beastmaster
3 Summon Bear
3 Summon Hawk
1 Stampede
2 Summon Quilbeast
» actions
| Assign group hotkey | 50 | |
| Basic commands | 47 | |
| Build / train | 98 | |
| Enter build submenu | 34 | |
| Enter hero's abilities submenu | 9 | |
| Give item / drop item | 6 | |
| Remove unit from queue | 2 | |
| Right click | 3876 | |
| Select / deselect | 705 | |
| Select group hotkey | 3199 | |
| Use ability | 244 | |
8270 total
» units
| Peasant | 19 | |
| Rifleman | 9 | |
| Mortar Team | 12 | |
| Goblin Zeppelin | 2 | |
| Siege Engine | 3 | |
| Dragonhawk Rider | 6 | |
51 total
» upgrades
| Gunpowder | 3 | |
| Armor | 3 | |
| Lumber Harvesting | 2 | |
| Long Rifles | 1 | |
| Flare | 1 | |
| Fragmentation Shards | 1 | |
| Plating | 3 | |
| Barrage | 1 | |
| Cloud | 1 | |
| Storm Hammers | 1 | |
| Swords | 3 | |
| Flak Cannons | 1 | |
| Flying Machine Bombs | 1 | |
| Animal War Training | 1 | |
| Defend | 1 | |
24 total
» buildings
| Blacksmith | 1 | |
| Farm | 13 | |
| Altar of Kings | 1 | |
| Barracks | 2 | |
| Lumber Mill | 1 | |
| Arcane Vault | 1 | |
| Keep | 1 | |
| Town Hall | 1 | |
| Workshop | 2 | |
| Castle | 1 | |
| Scout Tower | 4 | |
| Guard Tower | 4 | |
| Gryphon Aviary | 2 | |
34 total
» build order
00:23 Blacksmith
00:35 Farm
00:50 Altar of Kings
01:50 Barracks
02:15 Farm
04:20 Farm
04:27 Lumber Mill
04:34 Farm
05:24 Arcane Vault
05:41 Barracks
05:50 Farm
05:55 Farm
06:23 Keep
08:02 Town Hall
10:05 Workshop
10:08 Workshop
11:04 Castle
11:30 Farm
11:41 Scout Tower
11:59 Farm
12:17 Guard Tower
12:20 Scout Tower
12:32 Farm
13:54 Guard Tower
13:56 Scout Tower
14:11 Farm
19:08 Gryphon Aviary
19:11 Gryphon Aviary
19:32 Guard Tower
19:33 Scout Tower
20:17 Farm
20:22 Farm
21:15 Farm
22:10 Guard Tower
» items
| Lesser Clarity Potion | 1 | |
| Dust of Appearance | 2 | |
| Scroll of Regeneration | 1 | |
| Potion of Healing | 1 | |
5 total
Jesoff (
purple | 70 APM | 6762 actions | 96:25)
9 Tauren Chieftain
3 Endurance Aura
3 Shockwave
1 Reincarnation
2 War Stomp
8 Shadow Hunter
3 Healing Wave
3 Hex
1 Serpent Ward
1 Big Bad Voodoo
» actions
| Assign group hotkey | 42 | |
| Basic commands | 42 | |
| Build / train | 90 | |
| Enter build submenu | 23 | |
| Enter hero's abilities submenu | 18 | |
| Give item / drop item | 4 | |
| Remove unit from queue | 6 | |
| Right click | 4221 | |
| Select / deselect | 1147 | |
| Select group hotkey | 864 | |
| Use ability | 303 | |
6762 total
» units
| Peon | 9 | |
| Tauren | 10 | |
| Spirit Walker | 4 | |
| Shaman | 3 | |
| Troll Batrider | 23 | |
49 total
» upgrades
| Armor | 2 | |
| Melee Weapons | 2 | |
| Shaman Training | 2 | |
| Spirit Walker Training | 2 | |
| Pulverize | 1 | |
| Liquid Fire | 1 | |
| Ranged Weapons | 2 | |
12 total
» buildings
| Altar of Storms | 1 | |
| Orc Burrow | 9 | |
| Voodoo Lounge | 1 | |
| War Mill | 1 | |
| Stronghold | 1 | |
| Fortress | 1 | |
| Tauren Totem | 2 | |
| Spirit Lodge | 1 | |
| Beastiary | 2 | |
| Great Hall | 1 | |
20 total
» build order
00:08 Altar of Storms
00:11 Orc Burrow
01:05 Voodoo Lounge
02:07 War Mill
03:03 Stronghold
03:07 Orc Burrow
05:27 Fortress
05:35 Orc Burrow
06:27 Orc Burrow
07:49 Tauren Totem
07:56 Tauren Totem
07:59 Spirit Lodge
08:05 Orc Burrow
11:08 Orc Burrow
11:38 Orc Burrow
14:11 Orc Burrow
20:01 Beastiary
20:31 Beastiary
20:40 Orc Burrow
27:16 Great Hall
» items
| Healing Salve | 1 | |
| Staff of Teleportation | 1 | |
2 total
Rand0mTeam0nlY (
blue | 63 APM | 6079 actions | 96:19)
10 Priestess of the Moon
3 Trueshot Aura
3 Searing Arrows
1 Starfall
3 Scout
» actions
| Assign group hotkey | 36 | |
| Basic commands | 107 | |
| Build / train | 101 | |
| Enter build submenu | 17 | |
| Enter hero's abilities submenu | 11 | |
| Give item / drop item | 2 | |
| Remove unit from queue | 2 | |
| Right click | 3405 | |
| Select / deselect | 1013 | |
| Select group hotkey | 1289 | |
| Use ability | 95 | |
6079 total
» units
| Wisp | 28 | |
| Archer | 10 | |
| Glaive Thrower | 10 | |
| Hippogryph | 4 | |
| Druid of the Talon | 7 | |
59 total
» upgrades
| Strength of the Moon | 3 | |
| Moon Armor | 3 | |
| Nature's Blessing | 1 | |
| Vorpal Blades | 1 | |
| Ultravision | 1 | |
| Strength of the Wild | 3 | |
| Reinforced Hides | 3 | |
| Improved Bows | 1 | |
| Marksmanship | 1 | |
| Druid of the Talon Training | 2 | |
| Hippogryph Taming | 1 | |
| Mark of the Talon | 1 | |
| Well Spring | 1 | |
22 total
» buildings
| Altar of Elders | 1 | |
| Moon Well | 8 | |
| Ancient of War | 2 | |
| Ancient of Wonders | 1 | |
| Hunter's Hall | 1 | |
| Tree of Ages | 1 | |
| Tree of Life | 1 | |
| Tree of Eternity | 1 | |
| Ancient of Wind | 3 | |
19 total
» build order
00:18 Altar of Elders
00:31 Moon Well
00:45 Ancient of War
01:35 Moon Well
01:52 Ancient of Wonders
02:29 Moon Well
03:20 Hunter's Hall
04:13 Tree of Ages
05:59 Ancient of War
06:17 Moon Well
07:25 Moon Well
08:05 Tree of Life
08:53 Tree of Eternity
13:06 Moon Well
15:13 Moon Well
15:17 Moon Well
29:30 Ancient of Wind
29:33 Ancient of Wind
29:37 Ancient of Wind
» items
| Dust of Appearance | 1 | |
| Potion of Lesser Invulnerability | 1 | |
| Scroll of Protection | 1 | |
| Scroll of Healing | 1 | |
4 total
SneakerOwnz (
red | 93 APM | 8951 actions | 96:22)
9 Death Knight
3 Death Coil
3 Unholy Aura
1 Animate Dead
2 Death Pact
8 Lich
3 Frost Nova
3 Dark Ritual
1 Death and Decay
1 Frost Armor
» actions
| Assign group hotkey | 26 | |
| Basic commands | 4 | |
| Build / train | 78 | |
| Enter build submenu | 19 | |
| Enter hero's abilities submenu | 18 | |
| Give item / drop item | 5 | |
| Remove unit from queue | 1 | |
| Right click | 3685 | |
| Select / deselect | 459 | |
| Select group hotkey | 4458 | |
| Use ability | 198 | |
8951 total
» units
| Acolyte | 10 | |
| Ghoul | 2 | |
| Crypt Fiend | 14 | |
| Obsidian Statue | 12 | |
| Meatwagon | 2 | |
40 total
» upgrades
| Creature Carapace | 3 | |
| Web | 1 | |
| Burrow | 1 | |
| Creature Attack | 3 | |
| Destroyer Form | 1 | |
9 total
» buildings
| Crypt | 1 | |
| Ziggurat | 9 | |
| Graveyard | 1 | |
| Altar of Darkness | 1 | |
| Tomb of Relics | 1 | |
| Nerubian Tower | 1 | |
| Halls of the Dead | 1 | |
| Black Citadel | 1 | |
| Slaughterhouse | 1 | |
17 total
» build order
00:06 Crypt
00:07 Ziggurat
00:40 Graveyard
01:00 Ziggurat
01:15 Altar of Darkness
01:45 Tomb of Relics
04:02 Nerubian Tower
04:49 Ziggurat
05:40 Ziggurat
06:00 Halls of the Dead
08:24 Black Citadel
08:27 Slaughterhouse
08:29 Ziggurat
14:44 Ziggurat
14:45 Ziggurat
15:55 Ziggurat
17:41 Ziggurat
» items
| Rod of Necromancy | 1 | |
| Scroll of Healing | 1 | |
| Potion of Healing | 1 | |
| Orb of Corruption | 1 | |
| Potion of Mana | 1 | |
| Potion of Lesser Invulnerability | 1 | |
6 total
team 2 (winner)

»
BandaIar (
pink | 94 APM | 9029 actions | 96:26)
4 Archmage
2 Blizzard
2 Brilliance Aura
3 Pandaren Brewmaster
2 Breath of Fire
1 Drunken Brawler
3 Paladin
2 Holy Light
1 Devotion Aura
» actions
| Assign group hotkey | 995 | |
| Basic commands | 82 | |
| Build / train | 407 | |
| Enter build submenu | 193 | |
| Enter hero's abilities submenu | 10 | |
| Give item / drop item | 12 | |
| Remove unit from queue | 21 | |
| Right click | 3815 | |
| Select / deselect | 2075 | |
| Select group hotkey | 625 | |
| Use ability | 789 | |
9029 total
» units
| Peasant | 61 | |
| Footman | 4 | |
| Goblin Zeppelin | 9 | |
| Sorceress | 1 | |
| Gryphon Rider | -1 | |
| Dragonhawk Rider | 15 | |
| Makrura Deepseer | 1 | |
| Mur'gul Snarecaster | 1 | |
| Makrura Snapper | 1 | |
92 total
» upgrades
| Masonry | 3 | |
| Lumber Harvesting | 2 | |
| Magic Sentry | 1 | |
| Priest Training | 2 | |
| Sorceress Training | 2 | |
| Cloud | 1 | |
| Storm Hammers | 1 | |
| Control Magic | 1 | |
| Armor | 3 | |
| Swords | 3 | |
| Animal War Training | 1 | |
| Gunpowder | 3 | |
| Plating | 3 | |
| Backpack | 1 | |
27 total
» buildings
| Altar of Kings | 4 | |
| Lumber Mill | 4 | |
| Farm | 30 | |
| Scout Tower | 179 | |
| Guard Tower | 192 | |
| Arcane Tower | 2 | |
| Town Hall | 5 | |
| Barracks | 1 | |
| Keep | 6 | |
| Castle | 7 | |
| Arcane Sanctum | 3 | |
| Arcane Vault | 4 | |
| Gryphon Aviary | 2 | |
| Blacksmith | 3 | |
442 total
» build order
00:04 Altar of Kings
00:13 Lumber Mill
00:34 Farm
01:11 Scout Tower
01:29 Scout Tower
01:42 Farm
01:47 Guard Tower
01:47 Guard Tower
01:51 Scout Tower
01:53 Scout Tower
02:03 Guard Tower
02:04 Guard Tower
02:28 Arcane Tower
02:29 Guard Tower
02:30 Guard Tower
02:40 Scout Tower
02:42 Scout Tower
04:06 Town Hall
04:13 Guard Tower
04:13 Guard Tower
04:13 Guard Tower
04:15 Farm
04:39 Scout Tower
05:24 Scout Tower
05:25 Scout Tower
05:39 Barracks
05:45 Guard Tower
05:48 Scout Tower
05:48 Scout Tower
06:10 Guard Tower
06:10 Guard Tower
06:21 Guard Tower
06:21 Guard Tower
06:22 Guard Tower
06:22 Guard Tower
06:24 Scout Tower
06:25 Scout Tower
06:45 Guard Tower
06:52 Keep
06:52 Keep
07:02 Guard Tower
07:02 Guard Tower
07:09 Scout Tower
07:11 Scout Tower
07:11 Scout Tower
08:17 Guard Tower
08:17 Guard Tower
08:20 Scout Tower
08:20 Scout Tower
08:21 Scout Tower
08:27 Scout Tower
08:27 Scout Tower
08:28 Scout Tower
08:28 Scout Tower
08:29 Scout Tower
08:30 Scout Tower
08:51 Guard Tower
08:52 Guard Tower
09:05 Town Hall
09:37 Scout Tower
09:38 Scout Tower
09:38 Scout Tower
09:39 Scout Tower
09:49 Guard Tower
09:49 Guard Tower
10:47 Town Hall
11:12 Guard Tower
11:13 Guard Tower
11:14 Scout Tower
11:15 Scout Tower
11:24 Scout Tower
11:24 Scout Tower
11:25 Scout Tower
11:26 Scout Tower
11:36 Guard Tower
11:36 Guard Tower
12:03 Guard Tower
12:03 Guard Tower
12:26 Guard Tower
12:27 Scout Tower
12:28 Scout Tower
12:35 Guard Tower
12:35 Guard Tower
12:40 Castle
12:40 Castle
12:57 Arcane Sanctum
13:04 Guard Tower
13:04 Guard Tower
13:07 Scout Tower
13:07 Scout Tower
13:08 Scout Tower
13:08 Scout Tower
13:09 Scout Tower
13:09 Scout Tower
13:10 Scout Tower
13:11 Scout Tower
13:36 Guard Tower
13:45 Scout Tower
13:46 Scout Tower
14:09 Scout Tower
14:09 Scout Tower
14:13 Guard Tower
14:13 Guard Tower
14:15 Scout Tower
14:15 Scout Tower
14:16 Scout Tower
14:17 Scout Tower
14:18 Scout Tower
14:18 Scout Tower
14:21 Guard Tower
14:21 Guard Tower
14:32 Scout Tower
14:35 Scout Tower
14:36 Scout Tower
14:36 Scout Tower
14:37 Scout Tower
14:56 Guard Tower
14:57 Scout Tower
14:58 Scout Tower
15:00 Scout Tower
15:00 Scout Tower
15:01 Scout Tower
15:07 Scout Tower
15:08 Scout Tower
15:16 Guard Tower
15:16 Guard Tower
15:18 Guard Tower
15:19 Guard Tower
15:21 Guard Tower
15:21 Guard Tower
15:23 Guard Tower
15:23 Guard Tower
15:27 Guard Tower
15:27 Guard Tower
15:28 Guard Tower
15:28 Guard Tower
15:54 Guard Tower
15:54 Guard Tower
15:57 Scout Tower
15:57 Scout Tower
16:06 Scout Tower
16:06 Scout Tower
16:07 Scout Tower
16:08 Scout Tower
16:08 Scout Tower
16:09 Scout Tower
16:09 Scout Tower
16:10 Scout Tower
16:11 Scout Tower
16:31 Scout Tower
16:32 Scout Tower
16:32 Scout Tower
16:33 Scout Tower
16:33 Scout Tower
16:34 Scout Tower
16:44 Guard Tower
16:44 Guard Tower
16:46 Scout Tower
16:47 Scout Tower
16:56 Guard Tower
17:12 Guard Tower
17:14 Scout Tower
17:14 Scout Tower
17:14 Scout Tower
17:17 Guard Tower
17:17 Guard Tower
17:32 Guard Tower
17:32 Guard Tower
17:37 Guard Tower
17:38 Guard Tower
17:40 Scout Tower
17:41 Scout Tower
17:41 Scout Tower
17:42 Scout Tower
17:43 Scout Tower
17:43 Scout Tower
18:06 Guard Tower
18:07 Guard Tower
18:07 Guard Tower
18:08 Guard Tower
18:09 Guard Tower
18:09 Guard Tower
18:11 Scout Tower
18:12 Scout Tower
18:13 Scout Tower
18:13 Scout Tower
18:13 Scout Tower
18:14 Scout Tower
18:16 Scout Tower
18:16 Scout Tower
18:18 Scout Tower
18:19 Scout Tower
18:19 Guard Tower
18:19 Guard Tower
18:27 Scout Tower
18:27 Scout Tower
18:29 Scout Tower
18:30 Scout Tower
18:38 Guard Tower
18:39 Guard Tower
18:39 Guard Tower
18:53 Guard Tower
18:53 Guard Tower
18:54 Guard Tower
18:54 Guard Tower
18:55 Guard Tower
18:57 Scout Tower
18:58 Scout Tower
18:59 Scout Tower
19:00 Scout Tower
19:01 Scout Tower
19:01 Scout Tower
19:02 Scout Tower
19:02 Scout Tower
19:07 Scout Tower
19:07 Scout Tower
19:10 Scout Tower
19:10 Scout Tower
19:11 Scout Tower
19:11 Scout Tower
19:22 Scout Tower
19:23 Scout Tower
19:24 Scout Tower
19:26 Scout Tower
19:26 Scout Tower
19:41 Guard Tower
19:41 Guard Tower
19:43 Guard Tower
19:46 Scout Tower
19:46 Scout Tower
19:47 Scout Tower
19:47 Scout Tower
19:48 Scout Tower
19:58 Guard Tower
19:58 Guard Tower
19:58 Guard Tower
20:28 Guard Tower
20:28 Guard Tower
20:41 Guard Tower
21:08 Guard Tower
21:24 Guard Tower
21:24 Guard Tower
21:46 Guard Tower
21:47 Guard Tower
22:03 Guard Tower
24:11 Arcane Vault
24:11 Arcane Vault
24:47 Guard Tower
24:47 Guard Tower
26:03 Keep
26:05 Gryphon Aviary
26:35 Town Hall
27:05 Gryphon Aviary
29:07 Blacksmith
29:12 Blacksmith
30:03 Blacksmith
31:18 Castle
33:34 Arcane Vault
34:38 Farm
34:39 Farm
37:36 Scout Tower
37:37 Scout Tower
37:39 Scout Tower
37:44 Scout Tower
37:45 Scout Tower
38:11 Farm
38:12 Farm
38:14 Farm
38:15 Farm
38:16 Farm
38:17 Farm
38:54 Lumber Mill
39:16 Farm
39:16 Farm
39:17 Farm
39:17 Farm
39:18 Farm
39:31 Scout Tower
39:40 Scout Tower
39:41 Scout Tower
39:43 Scout Tower
40:07 Guard Tower
40:07 Guard Tower
40:07 Guard Tower
40:34 Guard Tower
40:34 Guard Tower
40:35 Scout Tower
40:38 Scout Tower
40:39 Scout Tower
41:15 Guard Tower
41:15 Guard Tower
41:18 Scout Tower
41:20 Scout Tower
41:20 Scout Tower
41:21 Scout Tower
41:47 Guard Tower
41:47 Guard Tower
41:48 Guard Tower
42:08 Guard Tower
42:08 Guard Tower
42:15 Guard Tower
42:15 Guard Tower
42:18 Scout Tower
42:20 Keep
42:26 Scout Tower
42:28 Scout Tower
44:05 Altar of Kings
44:17 Guard Tower
44:17 Guard Tower
44:17 Guard Tower
44:26 Scout Tower
44:27 Scout Tower
44:55 Guard Tower
44:55 Guard Tower
44:58 Scout Tower
47:12 Guard Tower
47:12 Guard Tower
56:05 Castle
70:06 Altar of Kings
70:26 Scout Tower
70:26 Scout Tower
71:03 Arcane Sanctum
71:15 Arcane Sanctum
71:34 Farm
72:10 Farm
72:14 Farm
73:17 Farm
73:25 Farm
73:30 Farm
73:51 Farm
74:08 Farm
74:19 Farm
74:19 Farm
74:26 Farm
74:47 Town Hall
78:23 Altar of Kings
78:37 Lumber Mill
78:54 Scout Tower
79:45 Scout Tower
79:48 Scout Tower
79:52 Arcane Vault
79:54 Scout Tower
79:55 Scout Tower
79:55 Scout Tower
80:01 Scout Tower
91:24 Farm
91:40 Lumber Mill
92:03 Scout Tower
92:04 Scout Tower
92:05 Scout Tower
92:06 Scout Tower
92:23 Scout Tower
92:23 Scout Tower
92:23 Scout Tower
92:24 Scout Tower
92:25 Scout Tower
92:26 Scout Tower
92:26 Scout Tower
92:27 Scout Tower
93:24 Guard Tower
93:24 Guard Tower
93:25 Guard Tower
93:26 Guard Tower
93:26 Guard Tower
93:36 Guard Tower
93:36 Guard Tower
93:36 Guard Tower
93:51 Guard Tower
93:51 Guard Tower
94:04 Guard Tower
94:04 Guard Tower
94:08 Farm
94:09 Farm
94:30 Guard Tower
94:31 Scout Tower
94:32 Scout Tower
94:32 Scout Tower
96:02 Guard Tower
96:02 Guard Tower
96:02 Guard Tower
» items
| Staff of Teleportation | 3 | |
| Potion of Healing | 2 | |
| Staff of Sanctuary | 4 | |
| Boots of Speed | 2 | |
| Circlet of Nobility | 3 | |
| Periapt of Vitality | 1 | |
| Orb of Lightning | 2 | |
| Scroll of Town Portal | 1 | |
| Tiny Great Hall | 2 | |
20 total
dogsandhorse.de (
yellow | 73 APM | 7081 actions | 96:28)
7 Blademaster
3 Wind Walk
3 Critical Strike
1 Bladestorm
» actions
| Assign group hotkey | 28 | |
| Basic commands | 41 | |
| Build / train | 149 | |
| Enter build submenu | 138 | |
| Enter hero's abilities submenu | 7 | |
| Give item / drop item | 24 | |
| Remove unit from queue | 21 | |
| Right click | 4194 | |
| Select / deselect | 932 | |
| Select group hotkey | 1207 | |
| Use ability | 334 | |
7081 total
» units
| Peon | 22 | |
| Troll Batrider | 22 | |
| Wind Rider | 12 | |
| Goblin Zeppelin | 5 | |
| Raider | 1 | |
| Shaman | 1 | |
| Troll Witch Doctor | 1 | |
| Blue Drake | 2 | |
| Blue Dragon Whelp | 2 | |
| Blue Dragon | 1 | |
69 total
» upgrades
| Ranged Weapons | 3 | |
| Liquid Fire | 1 | |
| Envenomed Spears | 1 | |
| Reinforced Defenses | 1 | |
| Ensnare | 1 | |
| Shaman Training | 2 | |
| Witch Doctor Training | 2 | |
| Armor | 2 | |
13 total
» buildings
| War Mill | 5 | |
| Orc Burrow | 23 | |
| Altar of Storms | 4 | |
| Watch Tower | 79 | |
| Voodoo Lounge | 7 | |
| Stronghold | 5 | |
| Great Hall | 4 | |
| Beastiary | 8 | |
| Fortress | 5 | |
| Spirit Lodge | 1 | |
141 total
» build order
00:06 War Mill
00:23 Orc Burrow
01:20 Altar of Storms
01:50 Watch Tower
02:08 Watch Tower
02:37 Watch Tower
03:07 Watch Tower
03:33 Watch Tower
03:43 Voodoo Lounge
04:30 Watch Tower
04:58 Watch Tower
05:06 Stronghold
05:26 Orc Burrow
05:32 Orc Burrow
05:53 Great Hall
06:13 Watch Tower
07:30 Beastiary
07:48 Watch Tower
07:52 Watch Tower
08:30 Beastiary
09:00 Watch Tower
09:04 Watch Tower
09:48 War Mill
10:30 Fortress
11:42 Watch Tower
16:57 Great Hall
17:07 Watch Tower
17:08 Watch Tower
17:08 Watch Tower
17:10 Watch Tower
17:46 Voodoo Lounge
18:34 Watch Tower
18:34 Watch Tower
18:35 Watch Tower
18:36 Watch Tower
20:02 Great Hall
20:32 Watch Tower
20:32 Watch Tower
20:33 Watch Tower
21:45 Orc Burrow
22:48 Voodoo Lounge
24:58 Watch Tower
24:59 Watch Tower
24:59 Watch Tower
25:00 Watch Tower
25:01 Watch Tower
25:02 Watch Tower
25:04 Watch Tower
25:05 Watch Tower
25:06 Watch Tower
25:08 Watch Tower
25:10 Watch Tower
25:18 Watch Tower
25:19 Watch Tower
25:19 Watch Tower
25:20 Watch Tower
25:21 Watch Tower
25:47 Orc Burrow
26:21 Beastiary
30:15 Stronghold
30:19 Spirit Lodge
30:34 Watch Tower
31:26 Altar of Storms
31:39 War Mill
31:46 Orc Burrow
31:48 Orc Burrow
32:36 Fortress
32:37 Fortress
33:10 Watch Tower
33:26 Beastiary
33:32 Orc Burrow
34:19 Orc Burrow
34:49 Orc Burrow
34:51 Orc Burrow
37:04 Orc Burrow
38:06 Beastiary
40:06 Orc Burrow
40:06 Orc Burrow
41:10 Orc Burrow
41:11 Beastiary
44:38 Watch Tower
44:53 Watch Tower
71:32 Orc Burrow
72:15 Orc Burrow
72:29 Orc Burrow
73:29 Altar of Storms
73:33 War Mill
80:54 Great Hall
83:52 Orc Burrow
83:58 Orc Burrow
84:14 Orc Burrow
84:42 Stronghold
84:42 Stronghold
84:43 Stronghold
84:45 Voodoo Lounge
84:49 Orc Burrow
84:53 Orc Burrow
85:12 War Mill
85:49 Altar of Storms
86:29 Watch Tower
86:46 Watch Tower
86:53 Watch Tower
86:57 Watch Tower
87:26 Beastiary
87:34 Watch Tower
87:38 Fortress
87:43 Voodoo Lounge
87:50 Beastiary
87:56 Watch Tower
88:17 Watch Tower
88:43 Watch Tower
88:46 Watch Tower
88:50 Watch Tower
89:03 Watch Tower
89:06 Watch Tower
89:40 Voodoo Lounge
89:56 Watch Tower
89:57 Watch Tower
90:00 Watch Tower
90:12 Watch Tower
91:13 Watch Tower
91:14 Watch Tower
91:16 Watch Tower
91:17 Watch Tower
92:19 Watch Tower
92:22 Watch Tower
92:23 Watch Tower
92:25 Watch Tower
92:27 Watch Tower
93:07 Watch Tower
93:09 Watch Tower
93:35 Watch Tower
93:36 Watch Tower
93:37 Watch Tower
93:38 Watch Tower
93:40 Watch Tower
93:40 Watch Tower
94:26 Watch Tower
95:29 Voodoo Lounge
95:39 Watch Tower
» items
| Healing Salve | 5 | |
| Lesser Clarity Potion | 13 | |
| Boots of Speed | 1 | |
| Staff of Teleportation | 1 | |
| Orb of Lightning | 1 | |
| Mechanical Critter | 2 | |
| Potion of Mana | 1 | |
24 total

»
IchBinPwnU.de (
green | 42 APM | 4040 actions | 96:26)
4 Archmage
2 Blizzard
2 Brilliance Aura
3 Blood Mage
2 Flame Strike
1 Banish
» actions
| Assign group hotkey | 18 | |
| Basic commands | 62 | |
| Build / train | 129 | |
| ESC pressed | 4 | |
| Enter build submenu | 95 | |
| Enter hero's abilities submenu | 7 | |
| Give item / drop item | 11 | |
| Remove unit from queue | 1 | |
| Right click | 1824 | |
| Select / deselect | 629 | |
| Select group hotkey | 959 | |
| Use ability | 298 | |
4040 total
» units
| Peasant | 28 | |
| Goblin Zeppelin | 3 | |
| Goblin Shredder | 3 | |
| Sorceress | 1 | |
| Priest | 2 | |
| Dragonhawk Rider | 7 | |
44 total
» upgrades
| Masonry | 3 | |
| Lumber Harvesting | 2 | |
| Magic Sentry | 1 | |
| Armor | 3 | |
| Swords | 3 | |
| Cloud | 1 | |
| Storm Hammers | 1 | |
| Animal War Training | 1 | |
| Sorceress Training | 2 | |
| Priest Training | 2 | |
19 total
» buildings
| Altar of Kings | 1 | |
| Farm | 17 | |
| Lumber Mill | 3 | |
| Scout Tower | 117 | |
| Arcane Tower | 2 | |
| Guard Tower | 40 | |
| Town Hall | 3 | |
| Keep | 1 | |
| Castle | 1 | |
| Arcane Sanctum | 1 | |
| Arcane Vault | 1 | |
| Blacksmith | 1 | |
| Barracks | 1 | |
| Gryphon Aviary | 4 | |
193 total
» build order
00:18 Altar of Kings
00:22 Farm
00:40 Lumber Mill
01:08 Scout Tower
01:10 Scout Tower
01:11 Scout Tower
01:45 Arcane Tower
02:02 Arcane Tower
02:14 Farm
02:28 Scout Tower
02:30 Scout Tower
02:32 Scout Tower
03:00 Guard Tower
03:02 Scout Tower
03:03 Guard Tower
03:05 Scout Tower
03:32 Guard Tower
04:47 Town Hall
05:45 Farm
05:46 Farm
06:22 Scout Tower
06:24 Scout Tower
06:25 Scout Tower
06:25 Scout Tower
06:56 Guard Tower
07:48 Town Hall
07:58 Lumber Mill
08:00 Guard Tower
08:03 Scout Tower
08:04 Scout Tower
08:20 Lumber Mill
09:10 Keep
09:15 Guard Tower
09:44 Scout Tower
09:45 Scout Tower
09:46 Scout Tower
09:47 Scout Tower
09:48 Scout Tower
09:48 Scout Tower
09:51 Scout Tower
09:52 Scout Tower
09:58 Scout Tower
09:58 Scout Tower
10:01 Scout Tower
10:02 Scout Tower
10:03 Scout Tower
10:03 Scout Tower
10:04 Scout Tower
10:05 Scout Tower
10:10 Scout Tower
10:11 Scout Tower
10:17 Scout Tower
10:19 Scout Tower
10:20 Scout Tower
10:21 Scout Tower
10:22 Scout Tower
10:40 Guard Tower
10:46 Guard Tower
10:57 Scout Tower
10:57 Scout Tower
11:00 Scout Tower
11:02 Scout Tower
11:03 Scout Tower
11:05 Scout Tower
11:10 Scout Tower
11:11 Scout Tower
11:12 Scout Tower
11:13 Scout Tower
11:23 Guard Tower
11:26 Guard Tower
11:28 Guard Tower
11:45 Guard Tower
11:52 Castle
11:53 Arcane Sanctum
11:54 Guard Tower
11:57 Scout Tower
11:58 Scout Tower
11:59 Scout Tower
12:00 Scout Tower
12:07 Guard Tower
12:20 Guard Tower
12:24 Guard Tower
12:27 Scout Tower
12:28 Scout Tower
12:29 Scout Tower
12:29 Scout Tower
12:58 Guard Tower
12:59 Guard Tower
13:01 Scout Tower
13:01 Scout Tower
13:35 Guard Tower
13:48 Scout Tower
13:48 Scout Tower
13:49 Scout Tower
13:49 Scout Tower
14:35 Guard Tower
14:37 Scout Tower
14:38 Scout Tower
14:39 Scout Tower
14:40 Scout Tower
14:58 Guard Tower
15:00 Scout Tower
15:01 Scout Tower
15:02 Scout Tower
15:03 Scout Tower
15:03 Scout Tower
15:04 Scout Tower
15:11 Town Hall
15:24 Scout Tower
15:25 Scout Tower
15:26 Scout Tower
15:27 Scout Tower
15:29 Scout Tower
15:30 Scout Tower
15:34 Guard Tower
15:57 Guard Tower
16:08 Guard Tower
16:38 Guard Tower
16:49 Scout Tower
16:50 Scout Tower
16:51 Scout Tower
16:51 Scout Tower
16:52 Scout Tower
16:53 Scout Tower
16:54 Scout Tower
16:55 Scout Tower
17:15 Guard Tower
17:17 Guard Tower
17:52 Arcane Vault
17:55 Guard Tower
17:58 Scout Tower
17:59 Scout Tower
18:00 Scout Tower
18:00 Scout Tower
18:14 Guard Tower
18:22 Scout Tower
18:23 Scout Tower
18:24 Scout Tower
18:25 Scout Tower
18:26 Scout Tower
18:26 Scout Tower
18:27 Scout Tower
18:27 Scout Tower
18:28 Scout Tower
18:29 Scout Tower
18:37 Scout Tower
18:53 Guard Tower
19:32 Guard Tower
19:55 Blacksmith
20:01 Guard Tower
20:06 Guard Tower
21:00 Guard Tower
21:34 Guard Tower
21:37 Scout Tower
21:38 Scout Tower
21:41 Scout Tower
21:42 Scout Tower
21:43 Scout Tower
21:46 Scout Tower
24:43 Barracks
24:46 Gryphon Aviary
24:47 Gryphon Aviary
24:49 Gryphon Aviary
24:50 Gryphon Aviary
27:33 Farm
27:34 Farm
27:35 Farm
27:36 Farm
27:39 Farm
29:36 Guard Tower
32:04 Farm
32:05 Farm
32:06 Farm
32:07 Farm
35:46 Farm
35:47 Farm
38:11 Farm
38:12 Farm
45:48 Scout Tower
45:50 Scout Tower
45:52 Scout Tower
45:55 Scout Tower
45:57 Scout Tower
46:53 Scout Tower
46:55 Scout Tower
47:02 Scout Tower
47:37 Guard Tower
47:56 Guard Tower
48:36 Scout Tower
48:37 Scout Tower
48:38 Scout Tower
49:43 Guard Tower
50:14 Guard Tower
» items
| Staff of Teleportation | 2 | |
| Boots of Speed | 2 | |
| Orb of Lightning | 3 | |
| Staff of Sanctuary | 2 | |
| Scroll of Regeneration | 1 | |
| Lesser Clarity Potion | 1 | |
| Scroll of Town Portal | 1 | |
12 total
iggy_the_fisk (
orange | 83 APM | 7994 actions | 96:26)
5 Archmage
3 Blizzard
2 Brilliance Aura
5 Mountain King
3 Storm Bolt
2 Bash
4 Pandaren Brewmaster
2 Breath of Fire
1 Drunken Haze
1 Drunken Brawler
» actions
| Assign group hotkey | 81 | |
| Basic commands | 42 | |
| Build / train | 214 | |
| Enter build submenu | 211 | |
| Enter hero's abilities submenu | 14 | |
| Give item / drop item | 11 | |
| Remove unit from queue | 7 | |
| Right click | 3873 | |
| Select / deselect | 878 | |
| Select group hotkey | 2117 | |
| Use ability | 546 | |
7994 total
» units
| Peasant | 63 | |
| Dragonhawk Rider | 13 | |
| Blue Dragon | 1 | |
| Goblin Zeppelin | 1 | |
78 total
» upgrades
| Masonry | 3 | |
| Lumber Harvesting | 2 | |
| Magic Sentry | 1 | |
| Swords | 3 | |
| Armor | 3 | |
| Animal War Training | 1 | |
13 total
» buildings
| Altar of Kings | 1 | |
| Farm | 24 | |
| Lumber Mill | 4 | |
| Scout Tower | 185 | |
| Guard Tower | 66 | |
| Arcane Vault | 7 | |
| Town Hall | 5 | |
| Keep | 1 | |
| Arcane Sanctum | 1 | |
| Castle | 1 | |
| Blacksmith | 1 | |
| Gryphon Aviary | 1 | |
| Barracks | 1 | |
| Arcane Tower | 5 | |
303 total
» build order
00:06 Altar of Kings
00:18 Farm
00:38 Lumber Mill
00:52 Farm
01:36 Scout Tower
02:02 Guard Tower
02:04 Scout Tower
02:07 Arcane Vault
02:33 Guard Tower
02:35 Scout Tower
03:06 Guard Tower
03:09 Scout Tower
03:33 Scout Tower
03:58 Guard Tower
03:59 Scout Tower
04:01 Scout Tower
04:11 Guard Tower
04:24 Scout Tower
04:27 Farm
04:28 Farm
04:59 Guard Tower
06:11 Town Hall
06:29 Arcane Vault
07:06 Keep
07:48 Farm
08:12 Guard Tower
08:14 Scout Tower
08:15 Scout Tower
08:17 Guard Tower
08:19 Scout Tower
08:20 Scout Tower
08:21 Scout Tower
08:25 Scout Tower
08:26 Scout Tower
08:31 Scout Tower
08:41 Scout Tower
08:42 Scout Tower
08:43 Scout Tower
08:43 Scout Tower
08:44 Scout Tower
08:45 Scout Tower
09:12 Guard Tower
09:17 Scout Tower
09:17 Scout Tower
09:20 Guard Tower
09:22 Guard Tower
09:59 Guard Tower
10:22 Arcane Sanctum
10:24 Guard Tower
10:42 Scout Tower
10:45 Scout Tower
10:46 Scout Tower
10:46 Scout Tower
11:02 Guard Tower
11:41 Guard Tower
11:51 Guard Tower
11:55 Scout Tower
12:07 Guard Tower
12:15 Scout Tower
12:54 Guard Tower
13:00 Castle
13:26 Blacksmith
13:53 Gryphon Aviary
13:56 Barracks
14:47 Scout Tower
14:48 Scout Tower
15:45 Arcane Tower
15:46 Scout Tower
16:45 Arcane Tower
18:51 Scout Tower
18:52 Scout Tower
18:53 Scout Tower
18:54 Scout Tower
20:58 Guard Tower
21:08 Scout Tower
22:15 Guard Tower
22:16 Scout Tower
24:08 Guard Tower
29:31 Farm
29:33 Farm
29:42 Farm
29:42 Farm
30:26 Farm
30:27 Farm
31:31 Farm
31:33 Farm
33:28 Scout Tower
33:58 Arcane Tower
52:07 Scout Tower
52:39 Arcane Tower
66:55 Arcane Vault
67:26 Arcane Vault
68:44 Town Hall
70:52 Farm
70:54 Farm
70:55 Farm
70:56 Farm
72:32 Farm
72:52 Farm
72:59 Lumber Mill
73:38 Farm
73:53 Scout Tower
74:27 Guard Tower
74:37 Farm
75:28 Town Hall
79:59 Town Hall
80:02 Scout Tower
80:43 Lumber Mill
80:55 Arcane Vault
81:20 Scout Tower
81:21 Scout Tower
81:28 Scout Tower
81:33 Scout Tower
81:34 Scout Tower
81:34 Scout Tower
81:51 Scout Tower
81:52 Scout Tower
81:53 Guard Tower
82:13 Guard Tower
82:15 Scout Tower
82:16 Scout Tower
82:25 Town Hall
82:27 Guard Tower
82:29 Scout Tower
82:30 Scout Tower
82:33 Scout Tower
82:34 Scout Tower
82:36 Scout Tower
82:48 Guard Tower
82:51 Scout Tower
82:53 Guard Tower
82:54 Scout Tower
82:55 Scout Tower
82:57 Guard Tower
82:59 Scout Tower
83:03 Scout Tower
83:04 Scout Tower
83:08 Guard Tower
83:09 Arcane Vault
83:15 Guard Tower
83:29 Scout Tower
83:30 Guard Tower
83:34 Scout Tower
83:40 Scout Tower
83:56 Scout Tower
83:58 Guard Tower
84:07 Scout Tower
84:12 Guard Tower
84:13 Scout Tower
84:16 Scout Tower
84:17 Scout Tower
84:19 Scout Tower
84:21 Scout Tower
84:58 Scout Tower
85:07 Scout Tower
85:11 Scout Tower
85:16 Guard Tower
85:18 Scout Tower
85:20 Scout Tower
85:44 Scout Tower
85:45 Scout Tower
85:45 Scout Tower
85:46 Scout Tower
86:01 Farm
86:03 Farm
86:17 Lumber Mill
86:19 Arcane Tower
86:37 Scout Tower
86:38 Scout Tower
86:40 Guard Tower
86:58 Scout Tower
87:00 Scout Tower
87:02 Scout Tower
87:22 Guard Tower
87:23 Scout Tower
87:25 Scout Tower
87:27 Scout Tower
87:28 Guard Tower
87:30 Scout Tower
87:32 Scout Tower
87:35 Scout Tower
87:36 Scout Tower
87:39 Scout Tower
87:50 Scout Tower
87:51 Scout Tower
87:52 Guard Tower
87:54 Farm
87:57 Scout Tower
87:59 Scout Tower
88:00 Scout Tower
88:11 Guard Tower
88:13 Scout Tower
88:14 Scout Tower
88:19 Arcane Vault
88:33 Guard Tower
88:39 Scout Tower
88:40 Scout Tower
88:42 Guard Tower
88:43 Scout Tower
88:44 Scout Tower
88:45 Scout Tower
88:49 Scout Tower
88:50 Scout Tower
88:50 Guard Tower
88:52 Scout Tower
88:53 Scout Tower
88:57 Scout Tower
88:58 Scout Tower
89:01 Scout Tower
89:02 Scout Tower
89:02 Scout Tower
89:03 Scout Tower
89:05 Guard Tower
89:08 Scout Tower
89:09 Scout Tower
89:09 Guard Tower
89:15 Scout Tower
89:16 Scout Tower
89:21 Scout Tower
89:23 Scout Tower
89:24 Guard Tower
89:31 Scout Tower
89:32 Scout Tower
89:34 Guard Tower
89:36 Scout Tower
89:37 Scout Tower
89:38 Guard Tower
89:40 Scout Tower
89:41 Scout Tower
89:43 Scout Tower
89:44 Scout Tower
89:45 Scout Tower
89:46 Scout Tower
89:48 Guard Tower
89:50 Scout Tower
89:51 Scout Tower
89:53 Scout Tower
89:54 Scout Tower
89:55 Scout Tower
89:56 Scout Tower
89:58 Scout Tower
89:59 Scout Tower
90:00 Scout Tower
90:00 Scout Tower
90:01 Scout Tower
90:02 Scout Tower
90:04 Guard Tower
90:05 Scout Tower
90:06 Scout Tower
90:07 Scout Tower
90:07 Scout Tower
90:08 Guard Tower
90:13 Guard Tower
90:15 Scout Tower
90:16 Scout Tower
90:25 Scout Tower
90:25 Guard Tower
90:35 Scout Tower
90:39 Guard Tower
90:42 Scout Tower
90:43 Scout Tower
90:43 Guard Tower
90:53 Scout Tower
90:53 Scout Tower
90:54 Scout Tower
90:56 Guard Tower
90:58 Scout Tower
90:59 Scout Tower
91:01 Scout Tower
91:02 Scout Tower
91:03 Guard Tower
91:11 Guard Tower
91:12 Scout Tower
91:13 Scout Tower
91:14 Scout Tower
91:15 Scout Tower
91:18 Scout Tower
91:18 Scout Tower
91:21 Scout Tower
91:22 Scout Tower
91:25 Guard Tower
91:26 Scout Tower
91:27 Scout Tower
91:31 Scout Tower
91:32 Scout Tower
91:42 Guard Tower
91:47 Guard Tower
92:07 Guard Tower
92:16 Guard Tower
92:20 Scout Tower
92:21 Scout Tower
92:34 Guard Tower
92:35 Scout Tower
92:35 Scout Tower
92:36 Scout Tower
92:36 Scout Tower
92:38 Scout Tower
92:38 Scout Tower
93:10 Guard Tower
93:27 Guard Tower
93:29 Scout Tower
93:29 Scout Tower
94:03 Guard Tower
» items
| Boots of Speed | 3 | |
| Staff of Teleportation | 3 | |
| Scroll of Regeneration | 8 | |
| Healing Salve | 3 | |
| Staff of Sanctuary | 2 | |
| Orb of Fire | 1 | |
| Periapt of Vitality | 1 | |
| Scroll of Town Portal | 1 | |
| Orb of Lightning | 1 | |
| Mechanical Critter | 2 | |
25 total
Chat log
(00:07 / Allies) BandaIar: my fav part of the song
(00:09 / Allies) BandaIar: d-d-d-d-dota
(00:17 / All) CandY-Orc: hunde und pferde.de
(00:26 / All) IchBinPwnU.de: nuts on yo chin.de
(00:40 / Allies) BandaIar: yo
(00:41 / Allies) BandaIar: lets perch
(01:06 / Allies) BandaIar: this is europe
(01:08 / Allies) BandaIar: is magical land
(01:24 / Allies) BandaIar: we gotta mine fast tho
(01:27 / Allies) BandaIar: map has a lotta golde
(02:18 / Allies) BandaIar: wrong
(03:18 / Allies) BandaIar: dang a nigg needs lum
(03:27 / Allies) BandaIar: ty.
(04:24 / Allies) BandaIar: everyone needs to takea like 3 expo
(04:29 / Allies) BandaIar: i take those 3 np
(05:14 / Allies) BandaIar: owned.
(05:21 / Allies) IchBinPwnU.de: lum
(05:27 / Allies) BandaIar: bear expand_
(05:32 / Allies) BandaIar: exp_and?
(06:31 / Allies) BandaIar: odds are we should let em take one side
(06:32 / Allies) BandaIar: eventually
(11:03 / Allies) BandaIar: i got top
(11:08 / Allies) BandaIar: you guys get bot
(11:59 / Allies) BandaIar: bear take thos
(12:08 / Allies) BandaIar: a blade probably can
(12:10 / Allies) BandaIar: if you buy a hp bot
(12:13 / Allies) BandaIar: pot
(12:20 / Allies) BandaIar: or a shredder you can do it easy
(12:33 / Allies) BandaIar: they gonna push
(13:02 / Allies) BandaIar: sending more workers here
(13:42 / Allies) BandaIar: hurry up with em
(14:04 / Allies) BandaIar: this gonna need help
(14:07 / Allies) BandaIar: bear acn you assist that
(14:30 / Allies) BandaIar: yeah and my mountains
(15:36 / Allies) BandaIar: all four on bot
(15:41 / Allies) BandaIar: kill that stupid thing
(16:21 / Allies) BandaIar: anticipiating bottom dhying
(16:23 / Allies) BandaIar: making second tower trench
(16:54 / Allies) BandaIar: and towering my main as tertiary tower trench
(17:23 / Allies) BandaIar: welp no lumber
(17:31 / Allies) BandaIar: ty.
(18:36 / Allies) BandaIar: okay the first fallback line is up
(18:50 / Allies) BandaIar: so drain that some more then fall back
(19:16 / Allies) BandaIar: your gold workers stay in saigon tho
(19:18 / Allies) BandaIar: and mine every last drop
(19:32 / Allies) BandaIar: good & hurry up
(19:38 / Allies) BandaIar: defendign these mountain expos is fun too
(20:13 / Allies) BandaIar: orc or hu towers on the perch_
(20:25 / Allies) BandaIar: hu
(21:05 / Allies) BandaIar: this is good
(21:06 / Allies) BandaIar: dont wanna overdo it
(21:55 / Allies) BandaIar: is fine i guess
(21:57 / Allies) BandaIar: get forties tho
(22:08 / Allies) BandaIar: i am stayin here
(22:09 / Allies) BandaIar: to defend
(22:43 / Allies) BandaIar: hurry up
(22:57 / Allies) BandaIar: like 100 food lusted mortar
(23:12 / Allies) BandaIar: yo i dont think we ever had dragons on a perch
(23:31 / Allies) BandaIar: yo bot is goin fyi
(24:05 / Allies) BandaIar: flipping some up
(24:18 / Allies) BandaIar: this has 1 left
(25:59 / Allies) BandaIar: do we have all tech_
(26:11 / Allies) BandaIar: i dunno
(26:14 / Allies) BandaIar: do you have ensnare
(27:12 / Allies) BandaIar: haha so bad
(27:17 / Allies) BandaIar: mains are outen
(28:20 / Allies) BandaIar: check that
(28:22 / Allies) BandaIar: also good items
(28:22 / Allies) BandaIar: reveal it
(29:41 / Allies) BandaIar: forgotetn what it does cause i always ell
(29:51 / Allies) BandaIar: yeah no room for ground units on the perch
(30:07 / Allies) BandaIar: tech up an island
(30:52 / Allies) BandaIar: nah
(30:54 / Allies) BandaIar: just chopping
(30:56 / Allies) BandaIar: we dont have too much wood
(33:02 / Allies) BandaIar: 3 hero
(33:47 / Allies) BandaIar: get t3 bear i want orbz
(34:30 / Allies) BandaIar: guess i deck out heroes with circlets and shit like that
(34:52 / Allies) BandaIar: cause it ends up in a hero fight
(34:53 / Allies) BandaIar: every time
(34:55 / Allies) BandaIar: and tri beats dual
(35:06 / Allies) BandaIar: not really
(37:22 / Allies) BandaIar: how siegable this mountain? i wonder..
(38:41 / Allies) BandaIar: hmmm
(39:07 / Allies) BandaIar: i aint letting em take my islands i dont care
(39:12 / Allies) BandaIar: not yet
(39:27 / Allies) BandaIar: working my way up now
(41:11 / Allies) BandaIar: make tower
(42:02 / All) BandaIar: damn
(42:03 / All) BandaIar: gg
(42:05 / All) BandaIar: noob allys
(42:08 / All) dogsandhorse.de: FUCK U JOSH
(42:11 / All) IchBinPwnU.de: lmfao take u 2 hour to win
(42:13 / All) IchBinPwnU.de: stfu scotty
(43:33 / Allies) BandaIar: anywhere to get an orc orb theese days_
(43:42 / Allies) BandaIar: welp
(43:51 / Allies) BandaIar: is cool
(43:53 / Allies) BandaIar: pala dies for this
(44:22 / Allies) BandaIar: get an orc worker
(44:23 / Allies) BandaIar: and build a tower
(44:32 / Allies) BandaIar: i had one there
(44:34 / Allies) BandaIar: earlier
(44:36 / Allies) BandaIar: dropped for you
(44:41 / Allies) BandaIar: no noob cancel that noob shit
(44:49 / Allies) BandaIar: l2p
(45:07 / Allies) BandaIar: yeah sure
(46:23 / Allies) BandaIar: owned
(48:05 / Allies) BandaIar: ivory it
(49:04 / Allies) BandaIar: no
(49:05 / Allies) BandaIar: we tried that
(49:15 / Allies) BandaIar: idk man
(49:40 / Allies) BandaIar: well thatäs that for me
(49:46 / Allies) BandaIar: leavin this world behin
(50:03 / Allies) BandaIar: this perch is pretty fab
(50:20 / Allies) BandaIar: go manny
(51:18 / Allies) iggy_the_fisk: our town is under siege
(51:53 / Allies) iggy_the_fisk: town: still under siege
(52:32 / Allies) BandaIar: i dunno
(52:34 / Allies) BandaIar: yeah
(52:37 / Allies) BandaIar: its gimmicky
(53:21 / Allies) BandaIar: maybe there is a way
(53:24 / Allies) BandaIar: to yomp a blade into church
(53:38 / Allies) BandaIar: there's so much unpathable around it
(53:45 / Allies) BandaIar: we'd need sh*tloads of dott
(53:56 / Allies) iggy_the_fisk: busy
(54:26 / Allies) BandaIar: prob ya
(54:34 / Allies) BandaIar: and they still hae a lot of siege and aa
(54:43 / Allies) BandaIar: zo gonna be quite a fight
(54:55 / Allies) BandaIar: we should defend last island
(54:57 / Allies) BandaIar: wear them down a little
(55:12 / Allies) BandaIar: just kill some dhawk
(55:16 / Allies) BandaIar: i dont think we can do much against them any way
(55:22 / Allies) BandaIar: nah pointlesss
(55:46 / Allies) BandaIar: mb blade harass a lil
(56:39 / Allies) BandaIar: i'ma shakle em all
(56:56 / All) IchBinPwnU.de: our last tower muahaha
(58:52 / Allies) BandaIar: dang they dropping
(58:54 / Allies) BandaIar: is gonna get hot
(59:51 / Allies) BandaIar: he
(60:06 / All) dogsandhorse.de: DAMN IT!!!!!!!!!!!!!!!!!!!!!!!!!!!! SHIT
(60:15 / All) Rand0mTeam0nlY: we already saw..
(60:29 / Allies) BandaIar: did they?
(60:31 / All) CandY-Orc: wie dumm ihr seid
(60:31 / Allies) IchBinPwnU.de: thank's fag!
(60:41 / Allies) iggy_the_fisk: i staffed your bm away btw
(60:42 / All) Jesoff: wahrscheinlich franzosen
(60:43 / All) Jesoff: ^^
(60:48 / All) dogsandhorse.de: wtf u saying
(60:48 / All) Jesoff: gay lords
(60:54 / All) CandY-Orc: oder hurensöhne?
(61:07 / Allies) BandaIar: bear level 2 armor upgrade and
(61:53 / Allies) BandaIar: yes indeed
(61:55 / Allies) BandaIar: they see now
(62:06 / Allies) BandaIar: harass a lot with blade now
(62:29 / Allies) dogsandhorse.de: ?
(62:36 / Allies) BandaIar: gonna build some farms i guesseppelle
(62:53 / Allies) dogsandhorse.de: \l,ap
(63:20 / Allies) BandaIar: maphackers
(63:56 / All) dogsandhorse.de: thank u.
(65:33 / Allies) dogsandhorse.de: purp does have 20 or so bats somwehre.
(65:42 / Allies) BandaIar: hereabouts
(65:51 / Allies) dogsandhorse.de: ok maybe i harangle the rear after i charge up mana
(66:11 / Allies) BandaIar: it begins
(66:16 / Allies) iggy_the_fisk: fiends
(66:18 / Allies) iggy_the_fisk: byurrown
(66:23 / Allies) dogsandhorse.de: that unborrow flanged
(66:24 / Allies) dogsandhorse.de: haha
(66:26 / Allies) BandaIar: this gonna be a hard one
(66:46 / Allies) dogsandhorse.de: make shop
(66:48 / Allies) dogsandhorse.de: for clarities
(67:30 / Allies) BandaIar: can ne build main?
(67:45 / Allies) BandaIar: wth
(67:46 / Allies) dogsandhorse.de: o wow
(67:50 / All) Jesoff: great thx
(68:05 / Allies) BandaIar: well
(68:10 / Allies) dogsandhorse.de: we could prob take
(68:11 / Allies) BandaIar: what are we gonna do about this siege
(68:14 / Allies) dogsandhorse.de: all of them
(68:18 / Allies) BandaIar: we're gonnah ave to i think
(68:18 / Allies) dogsandhorse.de: with this 100s of food
(68:29 / Allies) dogsandhorse.de: go??
(68:42 / Allies) BandaIar: yeah
(68:43 / Allies) BandaIar: i'm ready
(68:46 / Allies) BandaIar: loaded heroes
(69:13 / Allies) BandaIar: oh my god
(69:21 / Allies) BandaIar: haha
(69:22 / Allies) BandaIar: oops
(69:27 / Allies) BandaIar: that would do it
(69:29 / Allies) dogsandhorse.de: bbv
(69:34 / Allies) BandaIar: kinda owned us
(69:36 / Allies) BandaIar: and now..
(69:38 / Allies) dogsandhorse.de: rebild
(69:39 / Allies) dogsandhorse.de: build
(69:54 / Allies) BandaIar: can we get things out of here?
(70:35 / Allies) BandaIar: time to bail
(71:29 / Allies) BandaIar: ok harass i guess!
(71:57 / Allies) dogsandhorse.de: god damn we need a army
(71:58 / Allies) BandaIar: boy do i need food
(72:04 / Allies) dogsandhorse.de: gonna get food then mercs
(72:09 / Allies) dogsandhorse.de: dragons...
(72:16 / Allies) BandaIar: a yes
(72:19 / Allies) dogsandhorse.de: sending zep to mid
(72:24 / All) SneakerOwnz: you are my heros
(72:33 / Allies) dogsandhorse.de: tav pls
(72:35 / Allies) dogsandhorse.de: can get blade
(72:46 / Allies) dogsandhorse.de: nm
(72:55 / Allies) BandaIar: work em
(73:15 / Allies) dogsandhorse.de: lumb
(73:16 / Allies) dogsandhorse.de: ples
(73:39 / Allies) dogsandhorse.de: gg
(73:50 / Allies) dogsandhorse.de: lmao
(73:51 / Allies) dogsandhorse.de: i have 19k
(73:53 / Allies) dogsandhorse.de: this is hrrible
(74:00 / Allies) BandaIar: did they kill big dragon too?
(74:02 / Allies) dogsandhorse.de: no
(74:25 / Allies) dogsandhorse.de: use?
(74:41 / All) CandY-Orc: noobs
(74:56 / Allies) dogsandhorse.de: 'tav
(75:27 / Allies) BandaIar: gonna start rasslin
(75:30 / Allies) IchBinPwnU.de: back what happened
(75:31 / Allies) BandaIar: can't just hide forever
(75:44 / Allies) IchBinPwnU.de: oh i know what happened you noobs killed all my unit
(75:57 / Allies) IchBinPwnU.de: make
(76:02 / Allies) BandaIar: not yet..
(76:03 / Allies) IchBinPwnU.de: nm
(76:05 / Allies) IchBinPwnU.de: where our last
(76:36 / Allies) dogsandhorse.de: god damn
(76:52 / Allies) IchBinPwnU.de: ne1 got a hero i could use for a lil bit ;)
(76:53 / Allies) BandaIar: gonna start towering this
(77:12 / Allies) dogsandhorse.de: they got bad army
(77:38 / Allies) BandaIar: i can't noob
(77:39 / Allies) dogsandhorse.de: damn
(78:18 / Allies) BandaIar: finish this
(78:31 / Allies) BandaIar: can use mine
(78:42 / Allies) BandaIar: gl
(78:52 / Allies) BandaIar: can we get off this island
(79:05 / Allies) BandaIar: like
(79:06 / Allies) BandaIar: a zep
(79:07 / Allies) BandaIar: would b sweet
(79:18 / Allies) BandaIar: bolt please
(79:38 / Allies) BandaIar: hoooooooodyhoo
(80:50 / Allies) BandaIar: that
(80:51 / Allies) BandaIar: gayest thuing
(80:57 / Allies) BandaIar: need a zep
(80:58 / Allies) BandaIar: hurry
(80:59 / Allies) BandaIar: hurry
(81:00 / Allies) BandaIar: hurry
(81:03 / Allies) BandaIar: or i'm pout
(81:19 / Allies) dogsandhorse.de: going to lab
(81:34 / Allies) BandaIar: solo record
(81:38 / Allies) BandaIar: 'm out
(81:40 / Allies) BandaIar: great job noobs
(82:33 / Allies) BandaIar: iggy letsa macro
(82:36 / Allies) BandaIar: dont stage
(82:36 / Allies) BandaIar: from
(82:37 / Allies) BandaIar: there
(82:37 / Allies) BandaIar: noob
(82:40 / Allies) BandaIar: if they see units comign from there..
(82:46 / Allies) iggy_the_fisk: they saw
(82:46 / Allies) BandaIar: staff out first
(82:48 / Allies) BandaIar: o
(82:57 / Allies) BandaIar: we need to anti ult too
(83:53 / Allies) BandaIar: never stop building workr
(84:02 / Allies) BandaIar: tech that shit i need tiny
(84:16 / Allies) BandaIar: and make another main somewhere
(84:35 / Allies) BandaIar: a bolt on the potm
(84:46 / Allies) BandaIar: tav it
(84:57 / Allies) BandaIar: keep taving nigg
(85:06 / Allies) BandaIar: keep building towers, keep upgrading
(85:32 / Allies) BandaIar: we need towers
(86:06 / Allies) BandaIar: need a dragon or something
(86:07 / Allies) BandaIar: against this
(86:58 / Allies) BandaIar: igg i dropped some workers
(86:59 / Allies) BandaIar: at places
(87:01 / Allies) BandaIar: build mains everywhere
(87:05 / Allies) BandaIar: and build a hundred workers from those mains
(87:20 / Allies) BandaIar: yeah make some bats and i harass with hm
(87:27 / Allies) BandaIar: tech tier 3 asap, make more mains
(87:36 / Allies) BandaIar: make some shoppes too
(87:39 / Allies) BandaIar: we need mk like heck
(87:56 / Allies) BandaIar: is sweet
(88:17 / Allies) BandaIar: just regular expand
(88:22 / Allies) BandaIar: owl scouted
(88:43 / Allies) BandaIar: let me control 1 or 2
(88:53 / Allies) BandaIar: good you got many a shoppe
(88:58 / Allies) BandaIar: i need tiny
(89:04 / Allies) BandaIar: heroes etc
(89:13 / Allies) iggy_the_fisk: panda is urs
(89:25 / Allies) BandaIar: sending bats out to harass
(89:28 / Allies) iggy_the_fisk: oh right
(89:29 / Allies) iggy_the_fisk: him
(90:09 / Allies) BandaIar: me
(90:16 / Allies) BandaIar: defend that like heck
(91:06 / Allies) iggy_the_fisk: this is some frantic towering
(91:08 / Allies) iggy_the_fisk: let me tell ya
(91:35 / Allies) BandaIar: tell him this is craziest game
(91:49 / Allies) iggy_the_fisk: get to tavb
(92:25 / Allies) IchBinPwnU.de: revive panda
(92:46 / Allies) IchBinPwnU.de: bolt sh
(93:05 / Allies) BandaIar: we got many hero
(93:18 / Allies) IchBinPwnU.de: mad red heroes
(93:22 / Allies) dogsandhorse.de: blade comeing soon
(93:40 / Allies) iggy_the_fisk: fuck ass
(93:43 / Allies) iggy_the_fisk: all their red heroes
(93:54 / Allies) BandaIar: do we have any gold
(93:55 / Allies) BandaIar: i'm out
(94:06 / Allies) iggy_the_fisk: have
(94:39 / Allies) BandaIar: i need ulmber
(94:53 / Allies) BandaIar: ok starting lumber econ
(95:06 / Allies) iggy_the_fisk: fucking
(95:06 / Allies) iggy_the_fisk: red
(95:07 / Allies) iggy_the_fisk: heroes
(95:20 / Allies) iggy_the_fisk: sh red
(95:39 / Allies) BandaIar: woot
(95:44 / Allies) BandaIar: :(
(96:21 / All) BandaIar: gg
(96:23 / All) iggy_the_fisk: Noobs